[Event "Titled Tuesday Blitz May 9 Late 2023"]
[White "Rosen, Eric"]
[Black "Grigoriants, Sergey"]
[WhiteFideId "2032562"]
[BlackFideId "4130804"]
[WhiteElo "2331"]
[BlackElo "2502"]
[Result "1/2-1/2"]
[Round "11"]
[TimeControl "180+2"]
[Date "2023.05.09"]
[WhiteClock "0:00:07"]
[BlackClock "0:00:08"]

1. d4 Nf6 2. Bf4 c5 3. e3 Nd5 4. Bg3 Qb6 5. c4 Qxb2 6. Nd2 Nc3 7. Qc1 Qxc1+ 8. Rxc1 Nxa2 9. Rb1 Nb4 10. dxc5 N4c6 11. Bd3 Na6 12. Ne4 f5 13. Nc3 e6 14. Nb5 Bxc5 15. Nf3 b6 16. O-O O-O 17. Rfd1 Bb7 18. Nd6 Bxd6 19. Bxd6 Rfd8 20. c5 Nab4 21. cxb6 Nxd3 22. Rxd3 Ba6 23. Rd2 axb6 24. Bc7 Rdc8 25. Rxd7 Ra7 26. Rxb6 Raxc7 27. Rxc7 Rxc7 28. Rxa6 Nd4 29. Ra1 Nxf3+ 30. gxf3 Kf7 31. Kg2 g5 32. Ra8 Kf6 33. Rf8+ Kg7 34. Ra8 Kf6 1/2-1/2


[Site "https://www.chess.com"]

[Event "Titled Tuesday Blitz May 9 Late 2023"]
[White "Sieciechowicz, Marcin"]
[Black "Peng, Li Min"]
[WhiteFideId "1130170"]
[BlackFideId "14112620"]
[WhiteElo "2302"]
[BlackElo "2436"]
[Result "0-1"]
[Round "11"]
[TimeControl "180+2"]
[Date "2023.05.09"]
[WhiteClock "0:01:31"]
[BlackClock "0:02:41"]

1. d4 d5 2. Bf4 e6 3. e3 Bd6 4. Bg3 Nf6 5. Nf3 O-O 6. Bd3 c5 7. c3 Nc6 8. Nbd2 Qe7 9. Ne5 Nd7 10. f4 f6 11. Qh5 g6 12. Nxc6 bxc6 13. Qe2 e5 14. fxe5 fxe5 15. O-O-O e4 16. Bc2 Bxg3 17. hxg3 Nf6 18. Nb3 Bg4 19. Qd2 Bxd1 20. Rxd1 c4 21. Nc5 Ng4 22. Qe2 h5 0-1


[Site "https://www.chess.com"]

[Event "Titled Tuesday Blitz May 9 Late 2023"]
[White "Schnaider, Ilan"]
[Black "Sattarov, Bobir"]
[WhiteFideId "169013"]
[BlackFideId "14203081"]
[WhiteElo "2224"]
[BlackElo "2351"]
[Result "0-1"]
[Round "11"]
[TimeControl "180+2"]
[Date "2023.05.09"]
[WhiteClock "0:00:04"]
[BlackClock "0:00:38"]

1. e4 c5 2. Nf3 e6 3. d4 cxd4 4. Nxd4 Nf6 5. Nc3 d6 6. Bb5+ Bd7 7. O-O Be7 8. Be3 O-O 9. f3 a6 10. Bxd7 Nbxd7 11. Nb3 Rc8 12. Qe1 Ne5 13. Nd2 b5 14. a3 d5 15. exd5 Nxd5 16. Bd4 Nc6 17. Bf2 Nxc3 18. bxc3 Na5 19. Rd1 Qc7 20. Bd4 Nc6 21. Bf2 Bxa3 22. Ne4 Be7 23. Kh1 Rfd8 24. Qe3 a5 25. Bg3 Qa7 26. Qf4 a4 27. Bf2 Qb8 28. Qe3 a3 29. f4 Rxd1 30. Rxd1 Rd8 31. Ra1 Na5 32. Qg3 Nc4 33. Bd4 Rxd4 34. cxd4 Qa8 35. Qd3 Qd5 36. Nc3 Qc6 37. Rb1 b4 38. Ne4 Nb2 39. Qe2 h6 40. h3 Qd5 41. Ra1 Qxd4 42. Qf3 f5 43. Ng3 Bd6 44. Nh5 g6 45. Ng3 Qxf4 46. Qa8+ Kf7 47. Nf1 Qf2 48. Qb7+ Be7 49. c3 bxc3 50. Qc6 c2 51. Qc3 Nd1 52. Qd3 Bc5 53. Kh2 Bd4 54. Rxa3 c1=Q 55. Ra7+ Bxa7 56. Qd7+ Kf6 57. Qd8+ Ke5 58. Qh8+ Ke4 59. Ng3+ Qxg3+ 60. Kxg3 Qf4# 0-1


[Site "https://www.chess.com"]

[Event "Titled Tuesday Blitz May 9 Late 2023"]
[White "Pakleza, Zbigniew"]
[Black "Manukyan, Sargis A."]
[WhiteFideId "1119290"]
[BlackFideId "13303970"]
[WhiteElo "2410"]
[BlackElo "2187"]
[Result "1-0"]
[Round "11"]
[TimeControl "180+2"]
[Date "2023.05.09"]
[WhiteClock "0:00:17"]
[BlackClock "0:00:21"]

1. d4 d5 2. Bf4 Nf6 3. e3 Bg4 4. Be2 Bxe2 5. Nxe2 e6 6. Nd2 c5 7. O-O Nc6 8. c3 Bd6 9. Qb3 Bxf4 10. Nxf4 Qb6 11. dxc5 Qxc5 12. Qxb7 O-O 13. Nd3 Qd6 14. Qa6 Rfb8 15. Rab1 Rb6 16. Qa4 Rab8 17. b3 e5 18. Rfd1 h6 19. h3 Ne7 20. Nb4 R8b7 21. Nc4 Qc7 22. Nxb6 axb6 23. Qa6 Ra7 24. Qd3 Ne4 25. Rbc1 Nc5 26. Qb5 Ne4 27. Nxd5 Nxd5 28. Qxd5 Nxc3 29. Qd8+ Kh7 30. Qd3+ g6 31. Qxc3 Qe7 32. a4 Qg5 33. Qc6 Re7 34. Qxb6 Re6 35. Qb7 Rf6 36. Rc7 Qf5 37. Qf3 Qe6 38. Qe2 e4 39. Rdc1 h5 40. R7c6 Qf5 41. Rxf6 Qxf6 42. Qc4 h4 43. Qxe4 Kh6 44. Qf4+ Qxf4 45. exf4 f5 46. Rc8 Kh5 47. Rh8# 1-0


[Site "https://www.chess.com"]

[Event "Titled Tuesday Blitz May 9 Late 2023"]
[White "Omranalhosani21"]
[Black "Bitoon, Richard"]
[BlackFideId "5201110"]
[WhiteElo "2627"]
[BlackElo "2374"]
[Result "0-1"]
[Round "11"]
[TimeControl "180+2"]
[Date "2023.05.09"]
[WhiteClock "0:00:00"]
[BlackClock "0:00:12"]

1. e4 e5 2. Nf3 Nc6 3. Bb5 a6 4. Ba4 Nf6 5. O-O b5 6. Bb3 Bb7 7. d4 Nxd4 8. Nxd4 exd4 9. Re1 d6 10. a4 Be7 11. c3 O-O 12. cxd4 Nxe4 13. Bc2 Nf6 14. Nc3 b4 15. Ne2 Re8 16. Ng3 Bf8 17. Bg5 Rxe1+ 18. Qxe1 h6 19. Bxf6 Qxf6 20. Qxb4 Bd5 21. Qc3 c6 22. Bd3 a5 23. Re1 g6 24. Be4 Qe6 25. Bf3 Qd7 26. Bxd5 cxd5 27. Rc1 Qxa4 28. Qf3 Qxd4 29. Rc7 f5 30. h4 Re8 31. h5 Re1+ 32. Nf1 Qd1 33. Qxd1 Rxd1 34. hxg6 d4 35. g3 d3 36. Kg2 d2 37. Ne3 Re1 38. Nxf5 d1=Q 39. Rf7 Rg1+ 40. Kh3 Qh5+ 41. Nh4 Rh1+ 42. Kg2 Rxh4 43. gxh4 Qxg6+ 0-1


[Site "https://www.chess.com"]

[Event "Titled Tuesday Blitz May 9 Late 2023"]
[White "cryptoguru02"]
[Black "Arabidze, Meri"]
[BlackFideId "13604040"]
[WhiteElo "2604"]
[BlackElo "2405"]
[Result "1/2-1/2"]
[Round "11"]
[TimeControl "180+2"]
[Date "2023.05.09"]
[WhiteClock "0:01:17"]
[BlackClock "0:00:13"]

1. d4 Nf6 2. c4 e6 3. Nc3 Bb4 4. Qc2 O-O 5. Nf3 b6 6. e4 d5 7. cxd5 exd5 8. e5 Ne4 9. Bd3 Bb7 10. O-O Bxc3 11. bxc3 c5 12. Nd2 f5 13. exf6 Nxf6 14. dxc5 bxc5 15. Rb1 Qc7 16. Nf3 Ne4 17. Bxe4 dxe4 18. Qb3+ c4 19. Qxb7 Qxb7 20. Rxb7 exf3 21. Be3 fxg2 22. Kxg2 Nc6 23. Rd1 Rad8 24. Rxd8 Rxd8 25. Rc7 Rd6 26. Bxa7 Nxa7 27. Rxa7 Rd3 28. Ra3 Kf7 29. Kf1 h5 30. Ke2 g6 31. h4 Kf6 32. f3 Kf5 33. Ra5+ Kf4 34. Rg5 Rxc3 35. Rxg6 Rc2+ 36. Kd1 Rxa2 37. Rg5 Kxf3 38. Rxh5 Ke3 39. Rd5 Ke4 40. Rd8 Rh2 41. Kc1 c3 42. Rd7 Rxh4 43. Kc2 Rh2+ 44. Kxc3 Rh3+ 45. Kc4 Rh1 46. Re7+ Kf5 47. Re3 Kf4 48. Re8 Kg5 49. Rg8+ Kf6 50. Rf8+ Ke7 51. Rf4 Rh6 52. Re4+ Re6 53. Rxe6+ Kxe6 1/2-1/2


[Site "https://www.chess.com"]

[Event "Titled Tuesday Blitz May 9 Late 2023"]
[White "Vlassov, Nikolai"]
[Black "Chigaev, Maksim"]
[WhiteFideId "4103360"]
[BlackFideId "4108116"]
[WhiteElo "2324"]
[BlackElo "2558"]
[Result "1-0"]
[Round "11"]
[TimeControl "180+2"]
[Date "2023.05.09"]
[WhiteClock "0:00:35"]
[BlackClock "0:00:01"]

1. e4 g6 2. Nc3 Bg7 3. h4 h5 4. Nf3 d6 5. Ng5 Nh6 6. Bc4 Nc6 7. d3 a6 8. a3 e6 9. f3 b5 10. Ba2 Qe7 11. Be3 Rb8 12. Qd2 Nd4 13. O-O c5 14. Nd1 f6 15. Nh3 e5 16. Nhf2 Nf7 17. c3 Qe6 18. Bxe6 Nxe6 19. d4 g5 20. dxc5 dxc5 21. hxg5 fxg5 22. Nh3 Bf6 23. Ndf2 Bb7 24. Rfd1 Bc6 25. a4 b4 26. cxb4 Rxb4 27. Qe2 Bb7 28. Nd3 Rd4 29. Bxd4 exd4 30. e5 Be7 31. Nhf2 g4 32. fxg4 hxg4 33. Qxg4 Nfg5 34. Nf4 Nxf4 35. Qxf4 Rg8 36. Kf1 Ne6 37. Qf5 Bxg2+ 38. Ke2 Bd5 39. Ne4 Rg2+ 40. Kf1 Rxb2 41. Rab1 Rh2 42. Kg1 Rh8 43. Rb8+ Nd8 44. Nf6+ Bxf6 45. exf6 Rh1+ 46. Kf2 Rxd1 47. Qxd5 1-0


[Site "https://www.chess.com"]

[Event "Titled Tuesday Blitz May 9 Late 2023"]
[White "Kobo, Ori"]
[Black "Tologon tegin, Semetei"]
[WhiteFideId "2812320"]
[BlackFideId "13800574"]
[WhiteElo "2454"]
[BlackElo "2247"]
[Result "1-0"]
[Round "11"]
[TimeControl "180+2"]
[Date "2023.05.09"]
[WhiteClock "0:00:06"]
[BlackClock "0:00:05"]

1. d4 d5 2. c4 e6 3. Nc3 Nf6 4. cxd5 exd5 5. Bg5 Nbd7 6. e3 Be7 7. Bd3 c6 8. h3 Ne4 9. Bf4 Ndf6 10. Nge2 Bf5 11. Qc2 Bg6 12. O-O O-O 13. Bh2 Bd6 14. Nf4 Re8 15. Nxg6 hxg6 16. Bxd6 Qxd6 17. Rab1 Re6 18. Na4 g5 19. f3 Ng3 20. Rfe1 Rae8 21. Qf2 g4 22. Nc5 gxh3 23. gxh3 R6e7 24. Kg2 Nfh5 25. Bc2 b6 26. Nd3 Qf6 27. Ne5 Rxe5 28. dxe5 Rxe5 29. f4 Re6 30. Qf3 Qe7 31. a3 f5 32. Rbc1 Qh4 33. Kh2 Ne4 34. Bxe4 dxe4 35. Qg2 Kh7 36. Rcd1 Rg6 37. Qf1 Ng3 38. Qf2 Qh6 39. Rg1 Nh5 40. Rxg6 Qxg6 41. Qh4 Qf7 42. Rg1 Kg8 43. Qd8+ Kh7 44. Qg5 g6 45. Rd1 Nf6 46. Rd6 Kg7 47. Rd4 Nd5 48. Qg2 c5 49. Rd2 Nxe3 50. Qe2 Nc4 51. Rc2 Nd6 52. Qd2 Qe6 53. Qc3+ Kf7 54. Rd2 Ke7 55. Qg7+ Nf7 56. Qg8 e3 57. Re2 Qe4 58. Qxg6 Qxf4+ 59. Qg3 Qe4 60. Rxe3 f4 61. Rxe4+ Kf8 62. Qxf4 1-0


[Site "https://www.chess.com"]

[Event "Titled Tuesday Blitz May 9 Late 2023"]
[White "Bayo Milagro, Alvaro"]
[Black "Fernandez Guillen, Ernesto J."]
[WhiteFideId "22275240"]
[BlackFideId "3512428"]
[WhiteElo "2270"]
[BlackElo "2429"]
[Result "0-1"]
[Round "11"]
[TimeControl "180+2"]
[Date "2023.05.09"]
[WhiteClock "0:00:46"]
[BlackClock "0:02:03"]

1. Nf3 Nf6 2. c4 e6 3. g3 b6 4. Bg2 Bb7 5. O-O c5 6. Nc3 Be7 7. d4 cxd4 8. Qxd4 O-O 9. Rd1 a6 10. Bg5 h6 11. Bxf6 Bxf6 12. Qf4 Nc6 13. Ne4 Bxb2 14. Rab1 Ba3 15. Nd6 Rb8 16. Ne5 Nxe5 17. Qxe5 Bxg2 18. Kxg2 Qc7 19. Rb3 Bxd6 20. Qxd6 Qxc4 21. Rxb6 Rxb6 22. Qxb6 d5 23. Qb2 Rc8 24. Rd2 Qc3 25. Qxc3 Rxc3 26. h4 h5 27. e3 g6 28. Rb2 Ra3 29. Kf1 Kg7 30. Ke2 Kf6 31. Kf3 Ke5 32. Rb7 f6 33. Rg7 Kf5 34. Rc7 Rxa2 35. Rc5 a5 36. e4+ Ke5 37. exd5 exd5 38. Rc8 a4 39. Re8+ Kf5 40. Rd8 Rd2 41. Ra8 Rd4 42. Ke3 Rb4 43. Ra5 Ke5 44. f4+ Ke6 45. Ra6+ Kf5 46. Rd6 Rb3+ 47. Kf2 Rd3 48. Ke2 Rxg3 49. Rxd5+ Kxf4 50. Rd4+ Kf5 51. Rxa4 Rg4 52. Ra5+ Ke6 53. Ra6+ Kf7 54. Ra7+ Kg8 55. Ra8+ Kg7 56. Ra7+ Kh6 57. Ra6 f5 0-1


[Site "https://www.chess.com"]

[Event "Titled Tuesday Blitz May 9 Late 2023"]
[White "Adewumi, Tanitoluwa"]
[Black "Santos Ruiz, Miguel"]
[WhiteFideId "30966396"]
[BlackFideId "22291482"]
[WhiteElo "2571"]
[BlackElo "2499"]
[Result "1-0"]
[Round "11"]
[TimeControl "180+2"]
[Date "2023.05.09"]
[WhiteClock "0:00:01"]
[BlackClock "0:00:00"]

1. e4 c6 2. d4 d5 3. exd5 cxd5 4. Bd3 Nc6 5. c3 Qc7 6. Ne2 Bg4 7. O-O e6 8. Qe1 Nf6 9. Bg5 Be7 10. f3 Bf5 11. Bxf5 exf5 12. Ng3 Qd7 13. Bxf6 gxf6 14. Qe3 O-O 15. Qh6 Kh8 16. Nh5 Rg8 17. Nxf6 Bxf6 18. Qxf6+ Rg7 19. Nd2 Nd8 20. Rae1 Ne6 21. Qxf5 Rag8 22. Qf6 Qd8 23. Qe5 Qh4 24. g3 Nf4 25. Kh1 Qh3 26. Qxf4 Rxg3 27. Qf6+ R3g7 28. Rg1 Qh4 29. Qxh4 Rg2 30. Rxg2 Rg7 31. Qf6 1-0


[Site "https://www.chess.com"]

[Event "Titled Tuesday Blitz May 9 Late 2023"]
[White "Janaszak, Dawid"]
[Black "Tanenbaum, Zachary"]
[WhiteFideId "1119206"]
[BlackFideId "2060850"]
[WhiteElo "2220"]
[BlackElo "2175"]
[Result "0-1"]
[Round "11"]
[TimeControl "180+2"]
[Date "2023.05.09"]
[WhiteClock "0:00:07"]
[BlackClock "0:00:51"]

1. d4 d5 2. c4 dxc4 3. e3 e5 4. Bxc4 Nc6 5. Nf3 e4 6. Nfd2 Qg5 7. Nxe4 Qxg2 8. Ng3 Qh3 9. Qf3 Nf6 10. Bf1 Qe6 11. Nc3 Nxd4 12. Qd1 Bc5 13. Bg2 Bd7 14. O-O Nc6 15. Nd5 Nxd5 16. Bxd5 Qe7 17. Bd2 O-O-O 18. Rc1 Bh3 19. Bxc6 Bxf1 20. Kxf1 bxc6 21. Qe2 Kb7 22. b4 Bb6 23. b5 cxb5 24. Qf3+ Kb8 25. Bc3 f6 26. Rb1 Qd7 27. Kg2 h5 28. Nf5 h4 29. h3 Qd5 30. e4 Qd3 31. Rb3 Qxf3+ 32. Kxf3 Rd3+ 33. Ke2 Rxh3 34. Nxg7 b4 35. Bxf6 Rxb3 36. axb3 h3 37. Nf5 h2 0-1


[Site "https://www.chess.com"]

[Event "Titled Tuesday Blitz May 9 Late 2023"]
[White "Spitzl, Vinzent"]
[Black "Vakhlamov, Igor L."]
[WhiteFideId "12901253"]
[BlackFideId "24126748"]
[WhiteElo "2225"]
[BlackElo "2407"]
[Result "0-1"]
[Round "11"]
[TimeControl "180+2"]
[Date "2023.05.09"]
[WhiteClock "0:01:35"]
[BlackClock "0:02:15"]

1. e4 c5 2. Nf3 e6 3. d4 cxd4 4. Nxd4 Nf6 5. Nc3 Nc6 6. Ndb5 Bc5 7. Bf4 O-O 8. Bc7 Qe7 9. Bd6 Bxd6 10. Qxd6 Qd8 11. O-O-O a6 12. Nd4 Ne7 13. Bd3 Ne8 14. Qg3 b5 15. h4 b4 16. Nce2 a5 17. h5 h6 18. Rh4 a4 19. Rg4 a3 20. Rxg7+ Nxg7 21. b3 Ba6 22. Nf4 e5 23. Nd5 Nxd5 24. Nf5 Qg5+ 0-1


[Site "https://www.chess.com"]

[Event "Titled Tuesday Blitz May 9 Late 2023"]
[White "Karttunen, Mika"]
[Black "Simonian, Hrair"]
[WhiteFideId "502081"]
[BlackFideId "13302337"]
[WhiteElo "2396"]
[BlackElo "2447"]
[Result "1-0"]
[Round "11"]
[TimeControl "180+2"]
[Date "2023.05.09"]
[WhiteClock "0:00:07"]
[BlackClock "0:00:02"]

1. e4 c5 2. Nf3 d6 3. d4 cxd4 4. Nxd4 Nf6 5. Nc3 a6 6. f3 e5 7. Nb3 Be6 8. Be3 h5 9. Qd2 Nbd7 10. Nd5 Bxd5 11. exd5 g6 12. Na5 Qc7 13. c4 Bg7 14. Be2 O-O 15. O-O e4 16. f4 Ng4 17. Bxg4 hxg4 18. f5 Ne5 19. f6 Bh8 20. Rac1 Rac8 21. Nb3 Qd8 22. Bg5 Nxc4 23. Qe2 Ne5 24. Qxe4 Rxc1 25. Nxc1 Qb6+ 26. Kh1 Qxb2 27. Nd3 Nxd3 28. Qxd3 Qe5 29. Qd2 Re8 30. Kg1 g3 31. h4 Qe4 32. Qc3 Qe5 33. Qd3 Qe4 34. Qxg3 Qd4+ 35. Kh1 Qxd5 36. h5 Qe4 37. Bh4 Re5 38. hxg6 Qxg6 39. Qxg6+ fxg6 40. f7+ Kf8 41. Bg3 Rf5 42. Bxd6+ Kxf7 43. Rb1 b5 44. g3 Ke6 45. Bc5 Be5 46. Kg1 Bxg3 47. Be3 Be5 48. Kg2 Kd5 49. Re1 Kc6 50. Rc1+ Kd6 51. Rd1+ Ke6 52. Rc1 Bf6 53. Rc6+ Kd5 54. Rxa6 Re5 55. Bf2 Bg5 56. Rxg6 Bc1 57. Kg3 Re2 58. Kf3 Rxa2 59. Rb6 Rb2 60. Be1 Kc4 61. Rc6+ Kb3 62. Rxc1 b4 63. Rc5 Rc2 64. Rb5 Rc4 65. Ke3 Rc8 66. Rxb4+ Kc2 67. Re4 Rc4 68. Rxc4+ 1-0


[Site "https://www.chess.com"]

[Event "Titled Tuesday Blitz May 9 Late 2023"]
[White "Ezat, Mohamed"]
[Black "Matinian, Nikita"]
[WhiteFideId "10600906"]
[BlackFideId "24129100"]
[WhiteElo "2386"]
[BlackElo "2422"]
[Result "1-0"]
[Round "11"]
[TimeControl "180+2"]
[Date "2023.05.09"]
[WhiteClock "0:01:30"]
[BlackClock "0:01:00"]

1. d4 Nf6 2. c4 e6 3. Nc3 Bb4 4. f3 d5 5. a3 Bxc3+ 6. bxc3 c5 7. cxd5 exd5 8. e3 Qa5 9. Bd2 O-O 10. Bd3 c4 11. Bc2 Nbd7 12. Ne2 b5 13. O-O Re8 14. Ng3 Nb6 15. e4 Na4 16. e5 Nd7 17. f4 Nf8 18. f5 Bb7 19. Nh5 Rad8 20. Qg4 Ng6 21. fxg6 fxg6 22. Bxg6 hxg6 23. Nf6+ Kf7 24. Nxe8+ Kxe8 25. Qe6# 1-0


[Site "https://www.chess.com"]

[Event "Titled Tuesday Blitz May 9 Late 2023"]
[White "TimGrutter03"]
[Black "Erzhanov, Arman"]
[BlackFideId "4138821"]
[WhiteElo "2625"]
[BlackElo "2138"]
[Result "1-0"]
[Round "11"]
[TimeControl "180+2"]
[Date "2023.05.09"]
[WhiteClock "0:00:09"]
[BlackClock "0:00:10"]

1. e4 d6 2. d4 Nf6 3. Nc3 c6 4. f4 Qb6 5. e5 Nd5 6. Nxd5 cxd5 7. c3 Bf5 8. Bd3 Bxd3 9. Qxd3 e6 10. Nf3 Nc6 11. O-O Be7 12. Kh1 O-O 13. b3 f6 14. exf6 Bxf6 15. Ba3 Nd8 16. Rae1 Rc8 17. f5 exf5 18. Qxf5 Rxc3 19. Qxd5+ Nf7 20. Ng5 Qc6 21. Qxc6 Rxc6 22. Ne6 Rfc8 23. Bb4 d5 24. Nf4 Rd8 25. Be7 Rd7 26. Bxf6 gxf6 27. Nh5 Rdd6 28. Re8# 1-0


[Site "https://www.chess.com"]

[Event "Titled Tuesday Blitz May 9 Late 2023"]
[White "Kim, Sergey"]
[Black "Haszon, David"]
[WhiteFideId "13700570"]
[BlackFideId "733610"]
[WhiteElo "2621"]
[BlackElo "2210"]
[Result "0-1"]
[Round "11"]
[TimeControl "180+2"]
[Date "2023.05.09"]
[WhiteClock "0:00:03"]
[BlackClock "0:00:23"]

1. d4 Nf6 2. c4 g6 3. Nc3 d5 4. cxd5 Nxd5 5. e4 Nxc3 6. bxc3 Bg7 7. Bc4 O-O 8. Ne2 c5 9. O-O Nc6 10. Be3 Qc7 11. Rc1 Rd8 12. Qd2 b6 13. Bh6 Bb7 14. Bxg7 Kxg7 15. Bd3 cxd4 16. cxd4 Qd6 17. d5 Ne5 18. f4 Nxd3 19. Qxd3 e6 20. Qc3+ Kg8 21. dxe6 Qxe6 22. e5 Qxa2 23. Rc2 Qd5 24. Ng3 Rac8 25. Qb2 Rxc2 26. Qxc2 Qd2 27. Rf2 Qe1+ 28. Nf1 Ba6 29. Qa2 Bxf1 30. Rxf1 Qe3+ 31. Qf2 Qxf2+ 32. Kxf2 b5 33. Ra1 Rd7 34. Ra6 Rb7 35. Ke3 h5 36. Kd2 h4 37. Kc3 Kg7 38. Kb4 Kh6 39. e6 fxe6 40. Rxe6 Kh5 41. h3 a5+ 42. Kxa5 b4 43. Re5+ Kh6 44. Re2 b3 45. Rb2 Kg7 46. Ka4 Kf6 47. Rxb3 Rxb3 48. Kxb3 Kf5 49. Kc4 Kxf4 50. Kd5 Kg3 51. Ke5 Kxg2 52. Kf6 Kxh3 53. Kxg6 Kg2 0-1


[Site "https://www.chess.com"]

[Event "Titled Tuesday Blitz May 9 Late 2023"]
[White "Kleiman, Jake"]
[Black "Santos Flores, Alberto"]
[WhiteFideId "2020041"]
[BlackFideId "3601234"]
[WhiteElo "2609"]
[BlackElo "2235"]
[Result "1-0"]
[Round "11"]
[TimeControl "180+2"]
[Date "2023.05.09"]
[WhiteClock "0:00:07"]
[BlackClock "0:00:00"]

1. d4 d5 2. Bf4 Nf6 3. e3 c5 4. Nc3 a6 5. dxc5 e6 6. Na4 Bxc5 7. Nxc5 Qa5+ 8. c3 Qxc5 9. Nf3 Nc6 10. Be2 O-O 11. O-O b5 12. Ne5 Bb7 13. Rc1 Nxe5 14. Bxe5 Nd7 15. Bg3 a5 16. Qd4 Ba6 17. Rfd1 Rfc8 18. Qh4 Qb6 19. e4 Nf6 20. exd5 Nxd5 21. Bd3 h6 22. Be5 Bb7 23. Qg3 f6 24. Bd4 Qc7 25. Bxb5 Qxg3 26. hxg3 e5 27. Be3 Nxe3 28. fxe3 Ba6 29. Rd5 Bxb5 30. Rxb5 a4 31. c4 Rab8 32. Rxb8 Rxb8 33. Rc2 Kf7 34. c5 Ke6 35. c6 Kd6 36. c7 Rc8 37. Rc4 Rxc7 38. Rxa4 Rc1+ 39. Kh2 Re1 40. e4 Re2 41. Rb4 Kc5 42. a3 g6 43. g4 Re3 44. Kg1 Re2 45. Kf1 Rc2 46. Rb3 Kd4 47. Rf3 Rxb2 48. Rxf6 Ke3 49. Kg1 Kxe4 50. Rxg6 Kf4 51. Rxh6 Kxg4 52. Rh3 Ra2 53. Rb3 Kf4 54. Kf1 e4 55. g3+ Kg4 56. Ke1 Kf5 57. Re3 Ke5 58. Kf1 Kd4 59. Rb3 e3 60. g4 Ke4 61. g5 Kf3 62. Kg1 1-0


[Site "https://www.chess.com"]

[Event "Titled Tuesday Blitz May 9 Late 2023"]
[White "Ismagilov, Damir"]
[Black "Moore, Nicholas"]
[WhiteFideId "34199982"]
[BlackFideId "4303709"]
[WhiteElo "2143"]
[BlackElo "2516"]
[Result "0-1"]
[Round "11"]
[TimeControl "180+2"]
[Date "2023.05.09"]
[WhiteClock "0:00:15"]
[BlackClock "0:00:26"]

1. f4 d5 2. Nf3 Bf5 3. e3 e6 4. b3 Nf6 5. Bb2 Be7 6. Be2 h6 7. O-O Nbd7 8. d4 Ne4 9. Nbd2 Ndf6 10. c4 c6 11. Ne5 Nxd2 12. Qxd2 Ne4 13. Qe1 O-O 14. Bf3 Bd6 15. Qe2 Qe7 16. c5 Bxe5 17. fxe5 Ng5 18. b4 a6 19. a4 Be4 20. h4 Nxf3+ 21. gxf3 Bg6 22. Qh2 f6 23. f4 Be4 24. Qg3 Kh7 25. Kh2 fxe5 26. fxe5 Rxf1 27. Rxf1 Rf8 28. Rf4 Rf5 29. Bc3 Rh5 30. Be1 Rf5 31. Rxf5 Bxf5 32. Qf4 Qf7 33. Bg3 Qg6 34. Qf1 Qg4 35. Qf4 Qh3+ 36. Kg1 Be4 37. Kf2 Qg2+ 38. Ke1 Qg1+ 39. Kd2 Qa1 40. Qf7 Qb2+ 41. Ke1 Qxb4+ 42. Kf2 Qd2+ 43. Kg1 Qg2# 0-1


[Site "https://www.chess.com"]

[Event "Titled Tuesday Blitz May 9 Late 2023"]
[White "Qiao, Cindy"]
[Black "Komov, Roman"]
[WhiteFideId "2620243"]
[BlackFideId "24175714"]
[WhiteElo "1777"]
[BlackElo "2189"]
[Result "0-1"]
[Round "11"]
[TimeControl "180+2"]
[Date "2023.05.09"]
[WhiteClock "0:00:12"]
[BlackClock "0:00:47"]

1. d4 Nf6 2. Bf4 c5 3. e3 Qb6 4. Nc3 d6 5. Rb1 g6 6. Nf3 Bg7 7. Be2 O-O 8. O-O a6 9. Re1 Qc7 10. h3 b5 11. a3 Bb7 12. Na2 Nbd7 13. Rc1 Nb6 14. dxc5 Qxc5 15. Nb4 Nfd5 16. Nd3 Qc7 17. Bg3 Nc4 18. Rb1 Rac8 19. c3 Rfd8 20. Nb4 Ndb6 21. Nd2 a5 22. Nd3 Nxd2 23. Qxd2 Nc4 24. Qd1 e5 25. a4 Qc6 26. Bf1 bxa4 27. Ra1 a3 28. bxa3 e4 29. Nf4 Bxc3 30. Rc1 Nb2 31. Qb3 a4 32. Qa2 Qb6 33. Red1 Nxd1 34. Rxd1 Qb3 35. Qe2 Ba6 36. Qg4 Bxf1 37. Rxf1 Qxa3 38. h4 Be5 39. Nd5 Qc5 40. Ne7+ Kf8 41. Nxc8 Qxc8 42. Bxe5 Qxg4 0-1


[Site "https://www.chess.com"]

[Event "Titled Tuesday Blitz May 9 Late 2023"]
[White "Bruedigam, Martin"]
[Black "Barria Santos, Jose Guilherme"]
[WhiteFideId "24608033"]
[BlackFideId "1939300"]
[WhiteElo "2331"]
[BlackElo "2266"]
[Result "0-1"]
[Round "11"]
[TimeControl "180+2"]
[Date "2023.05.09"]
[WhiteClock "0:00:23"]
[BlackClock "0:00:30"]

1. d4 e6 2. c4 b6 3. f3 f5 4. Nc3 Bb4 5. Bd2 Nf6 6. e3 O-O 7. Bd3 Bb7 8. Nge2 Be7 9. Qc2 d6 10. O-O-O Nc6 11. a3 Qe8 12. g4 fxg4 13. fxg4 g6 14. Nf4 e5 15. Ne6 exd4 16. Nb5 dxe3 17. Bxe3 Bd8 18. Nxf8 Qxe3+ 19. Kb1 Kxf8 20. Rhe1 Qg5 21. h4 Qxh4 22. Rh1 Qg5 23. Rde1 a6 24. Nc3 Ne5 25. Be4 c6 26. Rd1 Be7 27. Na4 b5 28. Nb6 Rd8 29. cxb5 axb5 30. Rhf1 Kg7 31. a4 Qe3 32. Rde1 Qxb6 33. g5 Nxe4 34. Qxe4 Bxg5 0-1


[Site "https://www.chess.com"]

[Event "Titled Tuesday Blitz May 9 Late 2023"]
[White "Kuznetsov, Felix"]
[Black "Altman, Joshua"]
[WhiteFideId "34147990"]
[BlackFideId "426210"]
[WhiteElo "2281"]
[BlackElo "2028"]
[Result "1/2-1/2"]
[Round "11"]
[TimeControl "180+2"]
[Date "2023.05.09"]
[WhiteClock "0:00:05"]
[BlackClock "0:00:12"]

1. e4 e6 2. d4 d5 3. Nd2 Nf6 4. e5 Nfd7 5. Bd3 c5 6. c3 Nc6 7. Ne2 Qb6 8. Nf3 cxd4 9. cxd4 f6 10. exf6 Nxf6 11. O-O Bd6 12. Bf4 Bxf4 13. Nxf4 Qxb2 14. Re1 O-O 15. Nxe6 Bxe6 16. Rxe6 Rae8 17. Rxe8 Rxe8 18. Rb1 Qxa2 19. Rxb7 Ne4 20. Bxe4 dxe4 21. Ne5 Rf8 22. Qb3+ Qxb3 23. Rxb3 Nxd4 24. Ra3 Rc8 25. h4 Rc7 26. Ra4 Ne2+ 27. Kh2 Nc3 28. Rb4 g6 29. g4 a5 30. Rb8+ Kg7 31. Ra8 a4 32. g5 Re7 33. Ng4 Rf7 34. Nf6 Rf8 35. Ra7+ Rf7 36. Ra8 Rf8 37. Ra7+ Rf7 38. Ra5 h6 39. Ra8 hxg5 40. hxg5 Rf8 41. Ra7+ Rf7 42. Ra5 Rb7 43. Kg3 Rb3 44. Kf4 a3 45. Ra7+ Kf8 46. Ke5 a2 47. Nxe4 Rb5+ 48. Kf4 Rf5+ 49. Ke3 Nxe4 50. Kxe4 Rxf2 51. Ke5 Rf5+ 52. Ke6 Rf2 53. Ra8+ Kg7 54. Ra7+ Kg8 55. Ra8+ Kg7 56. Ra7+ Kf8 57. Ra8+ Kg7 1/2-1/2


[Site "https://www.chess.com"]

[Event "Titled Tuesday Blitz May 9 Late 2023"]
[White "Gonzalez, Francisco Silva"]
[Black "Aydincelebi, Kagan"]
[WhiteFideId "1512285"]
[BlackFideId "6361102"]
[WhiteElo "2074"]
[BlackElo "2180"]
[Result "0-1"]
[Round "11"]
[TimeControl "180+2"]
[Date "2023.05.09"]
[WhiteClock "0:01:37"]
[BlackClock "0:01:21"]

1. d4 Nf6 2. c4 c5 3. d5 e6 4. Nc3 exd5 5. cxd5 d6 6. Nf3 g6 7. Bf4 a6 8. a4 Bg7 9. h3 O-O 10. e3 Ne8 11. Be2 Nd7 12. O-O Rb8 13. a5 Qe7 14. Re1 b5 15. axb6 Rxb6 16. Qc2 Nc7 17. e4 Ne5 18. Bxe5 Bxe5 19. Nxe5 Qxe5 20. Qd2 Bd7 21. Red1 Rfb8 22. f4 Qf6 23. Ra2 Nb5 24. e5 dxe5 25. Ne4 Qxf4 26. Nxc5 Qxd2 27. Rxd2 Bc8 28. Bxb5 Rxb5 29. Nxa6 Bxa6 30. Rxa6 Rxb2 31. Rd3 R8b3 32. Rxb3 Rxb3 33. Ra8+ Kg7 34. Re8 Kf6 35. Kf2 Rd3 36. Rd8 Ke7 37. Ke2 Kxd8 38. Kxd3 Kd7 39. Ke4 Kd6 40. g4 h6 41. h4 f5+ 42. gxf5 gxf5+ 43. Kxf5 Kxd5 44. Kg6 e4 45. Kxh6 e3 46. h5 e2 47. Kh7 e1=Q 48. h6 Ke6 49. Kg7 Qg3+ 50. Kh8 Kf7 51. h7 Qb8# 0-1


[Site "https://www.chess.com"]